Map: Scoria Reactor

Players

Tamplier

  • Race: Protoss Protoss
  • League: Platinum
  • Spawn Location: 9:00

Achjo

  • Race: Zerg Zerg
  • Spawn Location: 12:00

BizoN

  • Race: Terran Terran
  • League: Silver
  • Spawn Location: 12:00

Blimp

  • Race: Protoss Protoss
  • Spawn Location: 11:00

hpsl - Winner!

  • Race: Terran Terran
  • Spawn Location: 6:00

rahan - Winner!

  • Race: Terran Terran
  • Spawn Location: 3:00

Brekeke - Winner!

  • Race: Terran Terran
  • League: Platinum
  • Spawn Location: 6:00

Hindulaatti - Winner!

  • Race: Terran Terran
  • League: Diamond
  • Spawn Location: 5:00

VOD

Have the link to the VOD?

Description

Time

  • Played on: Jan. 9, 2016, 7:54 a.m.
  • Length: 18:38
Show
View Real Time Build Order
Export as new Build Order

Tamplier Protoss 

Build Orders: Forge Fast Expand (FFE) 

Get SALT Encoding   

  12  0:15  Probe (Chrono Boost)  
  13  0:23  Pylon  
  13  0:25  Probe (Chrono Boost)  
  14  0:31  Assimilator  
  14  0:36  Probe (Chrono Boost)  
  15  0:45  Forge  
  15  0:48  Probe (Chrono Boost)  
  16  0:59  Probe (Chrono Boost)  
  17  1:09  Probe (Chrono Boost)  
  18  1:24  Probe (Chrono Boost)  
  19  1:37  Nexus  
  19  1:44  Probe (Chrono Boost)  
  20  1:58  Pylon  
  20  2:06  Gateway  
  20  2:09  Probe (Chrono Boost)  
  21  2:17  Assimilator  
  21  2:26  Photon Cannon  
  21  2:30  Probe (Chrono Boost)  
  22  2:46  Pylon, Probe (Chrono Boost)  
  23  2:55  Cybernetics Core  
  23  2:57  Probe (Chrono Boost)  
  24  3:04  Photon Cannon  
  24  3:11  Probe (Chrono Boost)  
  25  3:23  Probe (Chrono Boost)  
  25  3:24  Probe (Chrono Boost)  
  27  3:33  Probe (Chrono Boost)  
  28  3:34  Probe (Chrono Boost)  
  28  3:35  Stargate  
  29  3:46  Stargate  
  29  3:48  Probe  
  30  3:49  Probe  
  31  3:59  Probe  
  31  4:00  Probe  
  33  4:04  Pylon  
  33  4:10  Probe  
  33  4:12  Probe  
  33  4:16  Assimilator x2  
  35  4:18  Oracle (Chrono Boost)  
  35  4:22  Probe  
  39  4:24  Probe  
  43  4:34  Oracle (Chrono Boost)  
  43  4:36  Cybernetics Core  
  43  4:46  Probe  
  43  4:47  Probe  
  35  5:07  Probe  
  35  5:08  Probe  
Show
View Real Time Build Order
Export as new Build Order

Achjo Zerg 

Build Orders: Hatch First 

Get SALT Encoding   

  12  0:08  Overlord  
  12  0:14  Drone  
  13  0:27  Drone  
  14  0:30  Drone  
  15  0:50  Hatchery  
  14  0:57  Drone  
  14  0:58  Drone  
  16  1:12  Spawning Pool  
  16  1:15  Drone  
  16  1:19  Extractor  
  15  1:26  Drone  
  16  1:35  Drone x2  
  18  1:48  Drone  
  19  1:59  Queen  
  21  2:02  Queen  
  21  2:06  Drone x3  
  26  2:17  Extractor  
  26  2:20  Extractor  
  24  2:26  Baneling Nest  
  23  2:32  Drone x2  
  23  2:33  Drone  
  23  2:35  Drone  
  27  2:44  Overlord  
  27  2:46  Overlord  
  27  3:00  Drone  
  28  3:16  Lair  
  28  3:18  Metabolic Boost  
  28  3:24  Drone x2, Extractor  
  28  3:25  Drone x7  
  36  3:44  Evolution Chamber  
  36  3:48  Evolution Chamber  
  34  3:51  Drone x3  
  34  3:52  Drone x3  
  40  4:06  Drone x2  
  42  4:12  Drone  
  43  4:33  Zergling x2  
  43  4:34  Overlord  
  43  4:35  Overlord x8  
  44  4:46  Centrifical Hooks  
  44  4:53  Zergling x2  
  44  4:54  Zergling x4  
  47  5:12  Baneling  
  47  5:13  Baneling  
  47  5:20  Zergling x14  
  54  5:35  Zergling x2  
  55  5:36  Zergling x2  
  56  5:42  Hatchery  
  56  5:43  Drone x2  
  46  6:02  Zergling x12  
  52  6:21  Hatchery  
  51  6:27  Zergling x2  
  51  6:28  Zergling x8  
  51  6:31  Baneling  
  51  6:32  Baneling x11  
  56  6:41  Zerg Melee Weapons Level 1  
  56  6:43  Zerg Ground Armor Level 1, Infestation Pit  
  56  6:45  Drone x2  
  55  7:05  Zergling x14  
  58  7:40  Queen  
  61  7:44  Drone  
  61  7:47  Hive  
  61  8:08  Extractor  
  61  8:10  Hatchery, Extractor  
  58  8:18  Infestor  
  58  8:19  Drone  
  61  8:20  Drone x7  
  68  8:39  Hatchery  
  67  8:42  Zerg Melee Weapons Level 2  
  67  8:43  Zerg Ground Armor Level 2  
  67  8:47  Pathogen Glands  
  67  9:26  Drone x2  
  67  9:27  Drone x4  
  73  9:33  Drone x2  
  75  10:02  Ultralisk Cavern  
  75  10:03  Adrenal Glands  
  69  10:49  Ultralisk x4  
  92  10:50  Ultralisk x5  
  92  10:51  Zergling x2, Ultralisk  
  92  10:52  Zergling x20  
  138  11:02  Extractor  
  138  11:03  Chitinous Plating  
  130  11:16  Extractor  
  127  11:25  Spine Crawler  
  126  11:26  Drone x2  
  126  11:28  Spine Crawler  
  127  11:38  Drone x3  
  119  12:32  Neural Parasite  
  113  12:41  Zergling x2  
  113  12:42  Zergling x20  
  113  12:44  Ultralisk x2  
  136  12:53  Overlord  
  136  12:57  Overlord x4  
  136  13:10  Spine Crawler  
  135  13:24  Queen  
  137  13:28  Zerg Ground Armor Level 3  
  137  13:30  Zerg Melee Weapons Level 3  
  137  13:32  Pneumatized Carapace  
  137  13:55  Zergling x18  
  141  13:56  Zergling x18  
  146  14:29  Queen  
  148  14:43  Baneling x9  
  148  14:44  Baneling x7  
  148  14:48  Zergling x12  
  148  14:49  Zergling x26  
  148  14:50  Ultralisk x2  
  157  15:25  Ultralisk  
  157  15:26  Ultralisk x2  
  157  15:27  Zergling x2  
  157  15:28  Zergling x10  
  180  15:30  Zergling x2  
  180  15:31  Zergling x2  
  134  16:13  Zergling x8  
  134  16:14  Zergling x26  
  151  16:30  Baneling x4  
  151  16:31  Baneling x6  
  151  17:00  Zergling x2  
  154  17:01  Zergling x26  
  154  17:02  Zergling x2  
  96  18:11  Spine Crawler x2, Spore Crawler  
  87  18:14  Zergling x16  
  87  18:15  Zergling x6  
Show
View Real Time Build Order
Export as new Build Order

BizoN Terran 

Build Orders:  

Get SALT Encoding   

  12  0:01  SCV  
  13  0:13  SCV  
  14  0:18  Supply Depot  
  14  0:29  SCV  
  15  0:42  SCV  
  16  0:44  Barracks  
  16  0:45  Refinery  
  16  0:59  Barracks  
  16  1:01  SCV  
  17  1:13  SCV  
  17  1:16  Supply Depot  
  18  1:26  SCV  
  19  1:36  Reaper  
  20  1:47  Orbital Command, Reaper  
  20  1:50  Refinery  
  21  2:08  Reaper  
  22  2:13  SCV  
  23  2:20  Reaper  
  24  2:25  SCV  
  25  2:32  Command Center  
  25  2:37  SCV  
  25  2:40  Reaper  
  27  2:51  SCV  
  28  2:53  Reaper  
  29  3:02  Factory  
  29  3:11  SCV  
  29  3:12  Barracks Reactor  
  30  3:22  Supply Depot  
  30  3:33  SCV  
  31  3:35  Barracks Tech Lab  
  31  3:42  Engineering Bay  
  31  3:45  SCV  
  32  3:51  Orbital Command  
  32  4:09  Orbital Command  
  32  4:13  Missile Turret  
  32  4:18  Missile Turret  
  32  4:26  SCV  
  32  4:47  Siege Tank  
  32  4:48  Marine x2  
  33  5:10  Marine x2  
  34  5:19  Siege Tank  
  34  5:20  SCV x2  
  38  5:28  Barracks  
  38  5:31  Barracks Reactor, Barracks  
  38  5:32  Marine x2  
  38  5:33  Barracks  
  39  5:49  Marine x2  
  39  5:51  Siege Tank  
  41  6:07  Marine x2  
  41  6:10  Marine x2  
  45  6:18  Barracks Tech Lab, SCV  
  46  6:20  Terran Infantry Weapons Level 1, Barracks  
  46  6:23  Siege Tank  
  46  6:24  Armory  
  46  6:25  Marine x2  
  49  6:28  Marine x3  
  49  6:45  Marine  
  49  6:46  Marine x4  
  54  6:47  Barracks Tech Lab  
  52  7:02  Supply Depot  
  52  7:05  Supply Depot  
  52  7:06  Barracks Tech Lab, Stimpack  
  52  7:07  Combat Shields  
  52  7:23  Siege Tank  
  52  7:30  SCV x2  
  52  7:34  Refinery  
  52  7:35  Refinery  
  54  7:38  Missile Turret  
  54  7:42  Marine, SCV  
  54  7:43  Marine x5  
  61  7:44  Marauder  
  61  7:47  Barracks  
  63  7:56  Concussive Shells  
  63  8:00  Supply Depot, Marine x3  
  63  8:01  Marauder, Marine, Supply Depot  
  63  8:05  Supply Depot, Marine  
  69  8:06  Terran Vehicle And Ship Armor Level 1  
  69  8:10  Barracks Reactor  
  69  8:12  Starport  
  70  8:21  Marine x4  
  70  8:22  Marauder, Marine  
  70  8:23  Marine  
  70  8:24  Supply Depot  
  78  8:27  Supply Depot  
  78  8:39  Marine x2  
  80  8:41  Marauder, Barracks Reactor  
  80  8:42  Marine x3  
  80  8:43  Marine  
  80  8:44  Supply Depot, Terran Infantry Weapons Level 2  
  86  8:48  Engineering Bay  
  86  8:54  Siege Tank  
  89  8:57  Marine x2  
  89  8:59  Marine  
  89  9:00  Marauder  
  89  9:01  Marauder  
  96  9:03  Starport Reactor  
  96  9:04  Marine x2  
  96  9:05  Supply Depot  
  95  9:39  Viking x2  
  61  10:09  Viking x2  
  61  10:11  Marine  
  61  10:12  Marauder x2, Marine x3  
  61  10:13  Marauder, SCV x2  
  75  10:25  SCV  
  75  10:27  Marine x2  
  75  10:28  SCV  
  78  10:33  Marauder  
  80  10:37  SCV  
  80  10:40  SCV  
  80  10:41  Marine  
  80  10:42  Marine x5  
  92  10:49  Medivac x2  
  92  10:54  Marine x3  
  95  10:59  Marine  
  96  11:16  Terran Infantry Weapons Level 3  
  96  11:21  Terran Ship Weapons Level 1  
  96  11:28  Marauder x3, Marine x4  
  96  11:31  Supply Depot  
  106  11:37  Command Center  
  106  11:41  Marine  
  94  11:49  Marauder x2  
  94  11:53  Marine  
  94  11:54  Marauder, Marine x2  
  97  11:59  Medivac  
  73  12:11  Marauder  
  50  12:37  Command Center  
  48  12:45  Command Center  
  48  12:59  Viking  
  50  13:19  Marine  
  50  13:20  Marine x5  
  50  13:24  SCV  
  41  14:09  Marine x2  
  29  14:42  Viking  
  29  14:43  Viking  
Show
View Real Time Build Order
Export as new Build Order

Blimp Protoss 

Build Orders: Colossus Rush 

Get SALT Encoding   

  12  0:03  Probe (Chrono Boost)  
  14  0:14  Probe (Chrono Boost)  
  14  0:23  Pylon  
  14  0:25  Probe (Chrono Boost)  
  15  0:42  Probe (Chrono Boost)  
  16  0:48  Gateway  
  16  0:52  Probe (Chrono Boost)  
  17  0:59  Assimilator  
  17  1:03  Probe (Chrono Boost)  
  18  1:13  Probe (Chrono Boost)  
  18  1:14  Pylon  
  19  1:23  Assimilator  
  19  1:24  Probe (Chrono Boost)  
  20  1:34  Probe (Chrono Boost)  
  20  1:39  Cybernetics Core  
  21  1:45  Probe (Chrono Boost)  
  22  1:55  Probe (Chrono Boost)  
  23  2:06  Probe (Chrono Boost)  
  23  2:08  Nexus  
  24  2:16  Probe (Chrono Boost)  
  25  2:26  Robotics Facility  
  25  2:27  Probe (Chrono Boost)  
  26  2:38  Mothership Core (Chrono Boost)  
  28  2:56  Assimilator, Probe (Chrono Boost)  
  29  2:58  Robotics Facility  
  29  3:01  Assimilator  
  29  3:07  Probe (Chrono Boost)  
  29  3:10  Robotics Facility  
  30  3:25  Pylon  
  30  3:32  Probe (Chrono Boost)  
  30  3:33  Probe (Chrono Boost)  
  32  3:43  Probe x2 (Chrono Boost)  
  32  3:47  Robotics Bay  
  34  3:51  Pylon x2  
  34  3:53  Pylon  
  34  3:59  Pylon  
  34  4:09  Twilight Council, Probe x2 (Chrono Boost)  
  36  4:19  Probe (Chrono Boost)  
  36  4:20  Probe (Chrono Boost)  
  38  4:30  Probe x2 (Chrono Boost)  
  40  4:42  Colossus (Chrono Boost)  
  52  5:03  Colossus (Chrono Boost)  
  52  5:15  Colossus (Chrono Boost)  
  24  6:24  Probe  
  24  6:25  Probe  
  26  6:33  Extended Thermal Lance  
  26  6:35  Probe  
  26  6:37  Probe  
  34  6:41  Colossus (Chrono Boost)  
  34  6:43  Colossus (Chrono Boost)  
  34  6:47  Probe  
  41  6:49  Probe  
  42  6:56  Colossus (Chrono Boost)  
  42  6:59  Probe  
  49  7:01  Mothership Core  
  51  7:11  Probe  
  52  7:23  Probe x2  
  54  7:31  Colossus (Chrono Boost)  
  54  7:35  Probe x2  
  62  7:48  Pylon  
  62  7:50  Pylon  
  62  7:56  Pylon  
  62  8:01  Pylon  
  62  8:06  Probe x2  
  62  8:09  Forge  
  64  8:18  Probe x2  
  66  8:21  Forge  
  66  8:30  Probe x2  
  68  8:35  Observer (Chrono Boost)  
  68  8:37  Observer (Chrono Boost)  
  70  8:42  Probe x2, Protoss Ground Weapons Level 1  
  72  8:54  Probe x2  
  74  9:07  Probe x2  
  76  9:19  Probe x2, Stalker  
  76  9:23  Blink  
  74  9:49  Stalker  
  50  10:18  Stalker  
  46  10:26  Colossus x2 (Chrono Boost)  
  64  10:33  Colossus (Chrono Boost)  
  64  10:48  Stalker, Nexus  
  66  10:52  Assimilator  
  66  10:57  Assimilator  
  66  11:00  Pylon, Probe x2  
  66  11:03  Pylon  
  68  11:08  Pylon  
  68  11:10  Protoss Ground Weapons Level 2, Pylon  
  68  11:12  Probe x2, Protoss Ground Armor Level 1  
  70  11:18  Stalker  
  70  11:21  Forge  
  70  11:24  Probe  
  79  11:35  Colossus (Chrono Boost)  
  79  11:39  Colossus (Chrono Boost)  
  59  12:18  Colossus (Chrono Boost)  
  59  12:20  Stalker  
  66  12:44  Colossus (Chrono Boost)  
  66  12:47  Probe x2  
  66  12:50  Stalker  
  70  12:55  Observer (Chrono Boost)  
  71  12:59  Probe x2  
  71  13:04  Observer (Chrono Boost)  
  74  13:11  Probe x2  
  76  13:14  Colossus (Chrono Boost)  
  82  13:20  Stalker  
  82  13:23  Colossus (Chrono Boost), Probe  
  82  13:24  Probe  
  92  13:28  Protoss Ground Armor Level 2  
  92  13:35  Probe  
  92  13:36  Probe  
  94  13:50  Stalker  
  85  14:20  Stalker  
  85  14:22  Colossus (Chrono Boost)  
  99  14:29  Colossus (Chrono Boost)  
  99  14:38  Colossus (Chrono Boost)  
  105  14:48  Assimilator  
  105  14:50  Stalker  
  105  14:52  Nexus  
  107  14:55  Assimilator  
  107  14:57  Probe x2  
  109  15:09  Probe  
  110  15:32  Pylon  
  110  15:34  Pylon  
  110  15:35  Pylon  
  110  15:36  Pylon  
  110  15:38  Pylon  
  110  15:39  Pylon x2  
  110  15:41  Pylon  
  110  15:42  Pylon  
  110  15:43  Pylon  
  110  15:50  Probe x2, Stalker  
  110  15:51  Observer (Chrono Boost)  
  110  15:53  Colossus (Chrono Boost), Observer (Chrono Boost)  
  122  16:02  Probe x2  
  122  16:03  Probe  
  124  16:09  Colossus (Chrono Boost)  
  131  16:13  Probe  
  131  16:14  Probe x2  
  134  16:20  Stalker  
  134  16:24  Probe  
  136  16:26  Probe x2  
  139  16:34  Probe  
  139  16:38  Probe x2  
  142  16:45  Probe  
  135  16:50  Probe x2, Stalker  
  83  17:20  Stalker  
  91  17:30  Colossus x2 (Chrono Boost)  
  103  17:37  Colossus (Chrono Boost)  
  97  17:50  Stalker  
Show
View Real Time Build Order
Export as new Build Order

hpsl Terran - Winner!

Build Orders:  

Get SALT Encoding   

  12  0:01  SCV  
  13  0:14  SCV  
  14  0:23  Supply Depot  
  14  0:28  SCV  
  14  0:29  Refinery  
  15  0:49  SCV  
  16  1:02  Barracks  
  16  1:03  SCV  
  17  1:16  SCV  
  18  1:31  Refinery  
  17  1:34  Barracks  
  17  1:50  Barracks  
  17  1:53  Orbital Command, Reaper  
  18  2:13  Supply Depot  
  18  2:23  Reaper  
  18  2:26  SCV  
  18  2:27  Reaper  
  21  2:37  Engineering Bay  
  21  2:38  Reaper  
  22  2:45  SCV  
  23  2:57  Reaper  
  24  2:59  SCV  
  25  3:06  Supply Depot  
  25  3:09  Missile Turret, Reaper  
  25  3:10  Reaper  
  25  3:11  SCV  
  28  3:23  SCV  
  29  3:29  Reaper  
  29  3:30  Supply Depot  
  30  3:41  Reaper  
  30  3:42  Reaper  
  32  3:53  Supply Depot  
  32  4:02  Reaper  
  33  4:14  Reaper x2  
  35  4:20  Supply Depot  
  35  4:30  SCV  
  36  4:34  Reaper  
  37  4:46  Reaper x2  
  37  5:06  Reaper  
  38  5:18  Reaper x2  
  32  5:38  Reaper  
  31  5:50  Reaper  
  33  6:10  Reaper  
  28  6:44  Factory  
  28  6:48  Barracks Tech Lab  
  28  6:49  Barracks Tech Lab  
  28  6:59  Command Center  
  28  7:05  Command Center  
  28  7:11  Terran Infantry Weapons Level 1  
  28  7:12  Marauder  
  28  7:13  Stimpack  
  30  7:25  SCV  
  31  7:31  Starport  
  31  7:33  Factory Reactor  
  31  7:35  Combat Shields  
  31  7:40  SCV  
  32  7:49  Barracks Reactor  
  32  8:03  Marine x2  
  34  8:08  Supply Depot  
  34  8:16  Refinery  
  34  8:18  Barracks  
  34  8:19  Refinery  
  34  8:20  Factory Tech Lab  
  34  8:21  Marine  
  34  8:22  Medivac  
  34  8:27  Barracks  
  37  8:29  Refinery, Barracks  
  37  8:30  Refinery  
  37  8:34  Orbital Command  
  37  8:40  Orbital Command  
  37  8:45  SCV  
  38  8:48  Medivac  
  38  8:49  Supply Depot  
  40  8:57  SCV  
  40  9:01  SCV  
  42  9:04  Marauder  
  42  9:05  Terran Infantry Armor Level 1  
  42  9:08  Barracks Tech Lab  
  42  9:09  SCV  
  45  9:12  Marauder  
  45  9:16  Supply Depot  
  47  9:17  Barracks Reactor  
  47  9:19  Medivac  
  47  9:21  Barracks Reactor  
  47  9:23  SCV  
  47  9:24  SCV x2  
  52  9:25  Marauder  
  52  9:28  Marine  
  52  9:29  Marauder, Marine  
  58  9:31  Medivac  
  58  9:35  SCV  
  58  9:36  SCV  
  62  9:43  Marauder  
  64  9:47  Marauder  
  64  9:49  Viking  
  64  9:50  Marauder  
  70  10:05  Marauder  
  65  10:08  Marauder  
  60  10:15  Marauder  
  60  10:16  Marine x4  
  60  10:17  Marine  
  67  10:26  Marauder  
  67  10:27  Marine  
  70  10:30  Marauder  
  70  10:33  Supply Depot  
  72  10:37  Marauder  
  74  10:47  Marauder  
  72  10:51  Orbital Command, Marauder  
  72  10:56  Marine x3  
  72  10:57  Marine x3  
  75  10:58  Marauder  
  80  11:08  Marine  
  77  11:14  Marauder, Marine x4  
  77  11:15  Marine x2  
  86  11:18  SCV  
  86  11:25  SCV  
  87  11:28  Medivac, Viking  
  87  11:30  SCV  
  92  11:33  Marauder  
  92  11:37  SCV  
  95  11:41  Supply Depot  
  95  11:42  SCV  
  96  11:49  Armory  
  96  11:50  Marine x2  
  96  11:51  Marine x5  
  102  11:54  SCV  
  102  11:57  Marine x2  
  102  11:58  Viking  
  107  12:06  SCV  
  107  12:08  Marine x2  
  108  12:09  Viking  
  108  12:10  Marauder, Marine  
  113  12:28  Medivac  
  113  12:31  Marauder, Marine x2  
  113  12:32  Marauder, Marine x4  
  123  12:39  Medivac, Supply Depot  
  125  12:48  Terran Infantry Weapons Level 2  
  125  12:54  SCV x2  
  125  12:58  Viking  
  129  13:03  Supply Depot  
  129  13:09  Marauder x3  
  135  13:26  Supply Depot  
  135  13:30  Marauder x2  
  135  13:33  Command Center  
  135  13:34  Marauder, Marine x2  
  143  13:43  Supply Depot  
  143  13:45  Supply Depot  
  143  13:52  Marauder  
  144  13:57  Marauder x2, Marine x3  
  112  14:13  Marauder  
  114  14:18  Marauder x2  
  114  14:23  Supply Depot  
  118  14:28  Medivac  
  120  14:34  Marauder  
  120  14:35  Medivac  
  124  14:39  Marauder x2, Marine x2  
  130  14:52  Marine  
  130  14:53  Marine x3  
  130  14:56  Marauder  
  130  14:57  Supply Depot  
  136  15:01  Marauder  
  136  15:03  Terran Infantry Armor Level 2  
  138  15:14  Orbital Command  
  138  15:16  Marine  
  138  15:17  Marauder x2, Marine x5  
  142  15:31  Marauder  
  142  15:38  Marauder  
  142  15:39  Marauder  
  146  15:52  Marauder  
  148  16:22  Command Center  
  148  16:23  Marauder x3  
  154  16:35  Marine x3  
  154  16:36  Marine  
  154  16:37  Medivac  
  154  16:39  Viking  
  162  16:44  Marauder  
  152  16:48  Marauder x2  
  152  16:51  Marine  
  152  16:52  Marine  
  148  16:58  Marine  
  146  17:01  Marine  
  146  17:02  Marine  
  146  17:05  Marauder  
  148  17:09  Marauder x2  
  152  17:21  Marine x4  
  147  17:22  Medivac  
  156  17:23  Viking  
  156  17:27  Marauder  
  162  17:31  Marauder x2  
  166  17:48  Marauder  
  135  17:52  Medivac, Marauder x2  
  135  17:53  Viking, Marine  
  135  17:54  Marine  
  119  18:04  Marine  
  108  18:10  Marauder  
  110  18:13  Marauder  
  110  18:14  Marauder  
Show
View Real Time Build Order
Export as new Build Order

rahan Terran - Winner!

Build Orders: MMM Bio 

Get SALT Encoding   

  12  0:02  SCV  
  13  0:14  SCV  
  14  0:22  Supply Depot  
  14  0:26  SCV  
  15  0:44  SCV  
  15  0:49  Barracks  
  16  0:58  SCV  
  16  0:59  Barracks  
  17  1:08  Barracks  
  17  1:10  SCV  
  18  1:23  Supply Depot  
  18  1:24  SCV  
  19  1:36  SCV  
  19  1:37  Marine  
  21  1:45  Barracks  
  21  1:48  SCV  
  21  1:49  Marine  
  23  2:04  Orbital Command  
  23  2:10  Marine  
  23  2:13  Marine  
  23  2:14  Marine  
  26  2:18  Supply Depot  
  26  2:29  Marine  
  27  2:35  Barracks  
  27  2:37  SCV  
  27  2:40  Marine  
  27  2:41  Marine  
  27  2:42  Supply Depot  
  30  2:49  SCV  
  30  2:51  Marine  
  32  2:58  Marine x2  
  33  3:02  SCV  
  35  3:05  Supply Depot  
  35  3:06  Marine  
  35  3:12  Marine  
  36  3:14  SCV  
  36  3:17  Refinery  
  38  3:26  SCV  
  39  3:29  Marine x4  
  39  3:30  Supply Depot, Marine  
  44  3:38  SCV  
  45  3:47  Marine x2  
  47  3:53  Supply Depot  
  47  3:55  Refinery  
  47  4:06  Marine x2  
  47  4:07  Marine x3  
  52  4:16  Supply Depot  
  52  4:19  Supply Depot  
  52  4:24  Marine x4  
  52  4:26  Barracks Tech Lab  
  53  5:30  Marine  
  53  5:31  Marine x4  
  55  5:48  Marine x2  
  55  5:49  Marine x3  
  49  6:06  Marine x3  
  49  6:07  Marine x2  
  48  6:24  Marine x3  
  48  6:25  Marine  
  53  6:26  Stimpack  
  53  6:38  Barracks Reactor  
  52  6:42  Marine x4  
  52  6:43  Factory  
  52  6:45  Command Center  
  52  6:50  Barracks  
  43  6:55  Engineering Bay  
  38  7:02  Marine x2  
  38  7:08  Barracks Reactor  
  41  7:11  Barracks Reactor  
  40  7:19  Marine  
  40  7:20  Marine  
  42  7:28  Supply Depot  
  33  7:37  Marine x2  
  33  7:39  Barracks Reactor  
  33  7:43  Marine x4  
  39  7:55  Marine x2, Engineering Bay  
  39  7:56  Terran Infantry Weapons Level 1  
  41  8:04  Starport  
  41  8:18  Orbital Command  
  41  8:26  Combat Shields  
  41  8:34  Marine x4  
  45  8:43  Medivac  
  47  8:59  Terran Infantry Armor Level 1  
  47  9:01  SCV  
  48  9:03  Armory  
  48  9:04  Barracks Reactor  
  48  9:10  Marine x4  
  48  9:11  Marine  
  48  9:13  Medivac  
  48  9:15  SCV  
  56  9:18  SCV  
  57  9:24  Marine x2  
  57  9:27  SCV  
  57  9:28  Marine x3  
  57  9:30  SCV  
  64  9:32  Marine  
  64  9:36  Marine x2  
  64  9:37  Marine  
  68  9:39  SCV  
  68  9:42  Marine  
  68  9:43  Medivac  
  68  9:44  Marine  
  73  9:46  Marine  
  63  10:04  Marine  
  63  10:05  Marine x3  
  53  10:07  Marine  
  53  10:08  Marine x3  
  53  10:13  Medivac  
  59  10:23  Marine x2  
  59  10:24  Marine  
  59  10:26  Orbital Command  
  59  10:27  Marine x2  
  58  10:31  Marine  
  58  10:39  Marine  
  59  10:50  Marine  
  57  11:16  SCV x2  
  59  11:28  SCV x2  
  61  11:38  Marine x3  
  61  11:39  Marine  
  65  11:53  Marine x4  
  69  11:54  Marine  
  70  12:03  Marine x4  
  74  12:09  Marine x2  
  74  12:11  Marine  
  55  12:33  Marine  
  55  12:36  Marine x4  
  55  12:37  Marine x3  
  53  12:51  Marine x2  
  53  12:54  SCV  
  56  12:59  Command Center  
  56  13:10  Terran Infantry Weapons Level 2  
  56  13:13  Terran Infantry Armor Level 2  
  56  13:16  Marine x2  
  56  13:17  Marine  
  56  13:19  Marine  
  60  13:21  Marine  
  61  13:31  Marine x3  
  61  13:32  SCV x2  
  66  13:44  SCV  
  66  14:24  SCV  
  66  14:25  Marine, SCV  
  66  14:26  Marine  
  70  14:35  Marine  
  70  14:36  Marine  
  70  14:37  SCV x2  
  74  14:39  Marine  
  74  14:40  Marine x3  
  74  14:41  Marine  
  74  14:42  Medivac  
  81  14:45  Marine x2  
  81  14:46  Marine x2  
  81  14:49  SCV  
  86  14:53  Marine x2  
  86  14:56  SCV  
  86  14:57  Marine x2  
  86  14:58  Marine x2  
  93  15:01  SCV  
  94  15:08  SCV  
  94  15:12  Medivac  
  88  15:26  Marine x2, SCV  
  88  15:28  Marine x4  
  84  15:29  Marine  
  62  15:42  Medivac  
  62  15:46  Marine x2  
  62  15:49  Marine  
  38  16:19  Orbital Command  
  38  16:36  Command Center  
  38  16:38  SCV  
  39  17:15  Marine x2  
  40  17:16  SCV  
  22  17:27  SCV  
  22  17:28  SCV  
  24  17:40  SCV  
  25  17:58  SCV x2  
  27  18:10  Marine x2, SCV  
  30  18:13  Marine  
  30  18:16  Marine  
  32  18:25  SCV x2  
Show
View Real Time Build Order
Export as new Build Order

Brekeke Terran - Winner!

Build Orders: MMM Bio 

Get SALT Encoding   

  12  0:02  SCV  
  13  0:14  SCV  
  14  0:25  Supply Depot  
  14  0:26  SCV  
  15  0:38  Refinery  
  15  0:49  Barracks  
  15  0:51  SCV  
  16  1:03  SCV  
  17  1:15  Barracks  
  17  1:17  SCV  
  18  1:33  SCV  
  18  1:37  Marine  
  18  1:39  Barracks  
  20  1:46  Orbital Command  
  20  1:53  Supply Depot  
  20  2:00  Marine  
  21  2:06  Marine  
  22  2:12  SCV  
  23  2:23  Barracks  
  23  2:25  Barracks Tech Lab  
  23  2:27  Barracks Reactor  
  23  2:32  Barracks Tech Lab, SCV  
  24  2:44  SCV  
  24  2:45  Marine  
  24  2:49  Stimpack  
  26  2:59  Combat Shields  
  26  3:01  Marine  
  27  3:06  Supply Depot  
  27  3:07  Marine x2  
  27  3:08  Marine  
  27  3:10  SCV  
  31  3:16  Supply Depot  
  31  3:24  Refinery  
  31  3:27  Marine x2  
  31  3:28  SCV  
  34  3:35  Engineering Bay, Marine  
  34  3:36  Marine  
  34  3:39  Marine  
  37  3:45  SCV  
  38  3:57  Marine x2  
  38  3:58  Marine x3  
  38  4:00  SCV  
  44  4:06  Missile Turret  
  44  4:14  SCV  
  44  4:15  Marine  
  46  4:28  Marine  
  47  4:40  Supply Depot  
  47  4:52  Supply Depot  
  47  5:02  Marine x5  
  52  5:19  Marine x4  
  56  5:24  Marine  
  57  5:29  Command Center  
  57  5:37  Marine  
  57  5:54  Marine x4  
  57  5:55  Marine  
  47  6:12  Marine x4  
  47  6:13  Marine  
  49  6:20  Concussive Shells  
  49  6:23  Terran Infantry Weapons Level 1  
  49  6:27  Engineering Bay  
  49  6:29  Marine  
  50  6:33  SCV  
  50  6:35  Factory  
  51  6:40  Orbital Command  
  51  6:45  SCV  
  52  6:56  Barracks  
  52  6:58  Marauder x2  
  52  7:00  Terran Infantry Armor Level 1  
  56  7:08  Marine x3  
  59  7:12  SCV x2  
  61  7:19  Marauder x2  
  65  7:24  SCV x2  
  65  7:25  Marine  
  68  7:32  Missile Turret  
  68  7:36  SCV  
  68  7:37  Marine, SCV  
  70  7:38  Factory Reactor  
  70  7:41  Marauder x2  
  70  7:43  Supply Depot  
  75  7:46  Starport  
  75  7:50  SCV x2, Armory  
  77  7:55  Refinery  
  77  8:02  SCV  
  77  8:05  Marauder, SCV  
  81  8:06  Barracks Reactor  
  81  8:07  Supply Depot  
  81  8:08  Barracks Tech Lab  
  81  8:24  SCV x2  
  81  8:25  Refinery  
  81  8:26  Supply Depot  
  83  8:36  SCV  
  83  8:37  SCV  
  85  8:44  Medivac x2  
  85  8:45  Supply Depot  
  85  8:47  Terran Infantry Weapons Level 2  
  89  8:48  Supply Depot  
  89  8:50  SCV  
  89  8:52  SCV  
  91  9:09  Supply Depot  
  91  9:11  Supply Depot  
  91  9:13  Terran Infantry Armor Level 2  
  91  9:14  Viking x2  
  94  9:27  Starport  
  94  9:31  SCV  
  94  9:32  SCV  
  94  9:33  Marauder  
  98  9:48  Viking x2  
  98  9:51  Marauder  
  104  9:54  SCV x2  
  106  10:03  Supply Depot, Starport Reactor  
  106  10:30  Viking x2  
  110  10:42  Marauder x2  
  114  10:55  Factory Reactor  
  114  10:58  Marine x2  
  114  10:59  Marine  
  114  11:01  Viking  
  114  11:02  Viking  
  121  11:05  Command Center  
  121  11:14  Marine x4  
  121  11:16  Marine x2  
  127  11:23  Supply Depot x2  
  127  11:41  Terran Infantry Weapons Level 3  
  127  11:43  Terran Infantry Armor Level 3  
  127  11:47  Marine x3  
  127  11:49  Marine  
  127  11:52  Marine  
  132  11:55  Marine  
  132  11:56  Marine  
  134  12:05  Marine x2  
  136  12:08  Supply Depot  
  136  12:10  Supply Depot  
  83  12:49  Planetary Fortress  
  83  12:52  Ghost Academy  
  83  12:53  Supply Depot  
  83  12:58  Marauder x3  
  89  13:01  Marine  
  89  13:02  Marine x3  
  93  13:17  Supply Depot  
  93  13:18  Medivac x2  
  93  13:19  Marauder x3  
  103  13:23  Personal Cloaking  
  103  13:40  Marauder, Supply Depot  
  105  13:45  Ghost x2  
  109  13:53  Marine x2  
  109  13:54  Marine x2  
  113  14:01  Ghost  
  115  14:11  Marine  
  115  14:14  Ghost x2  
  115  14:16  Medivac x2  
  124  14:18  Marine x2  
  124  14:20  Marine  
  127  14:24  Supply Depot  
  127  14:29  Ghost  
  129  14:42  Ghost  
  129  14:43  Ghost  
  133  14:48  Marine x2  
  133  14:49  Marine x2  
  137  14:58  Ghost  
  139  15:04  Command Center, Refinery  
  139  15:08  Refinery  
  139  15:11  Ghost x2  
  143  15:25  Widow Mine x2  
  143  15:26  Ghost  
  149  15:38  SCV x3  
  149  15:39  Ghost  
  154  15:50  Ghost  
  154  15:53  Widow Mine x2  
  154  15:55  Ghost  
  162  16:44  Ghost x2  
  162  16:45  Ghost  
  168  16:58  Supply Depot  
  168  17:12  Ghost x2  
  172  17:21  Supply Depot  
  172  17:44  Supply Depot  
Show
View Real Time Build Order
Export as new Build Order

Hindulaatti Terran - Winner!

Build Orders: Bio Tank 

Get SALT Encoding   

  12  0:04  SCV  
  13  0:16  SCV  
  13  0:18  Supply Depot  
  14  0:28  SCV  
  15  0:46  SCV  
  16  0:51  Barracks  
  16  0:57  Refinery  
  16  0:58  SCV  
  17  1:13  SCV  
  18  1:25  SCV  
  19  1:37  SCV  
  19  1:39  Marine  
  21  1:49  Orbital Command  
  21  1:53  Command Center  
  21  1:59  Supply Depot, Marine  
  22  2:20  SCV  
  23  2:25  Factory  
  23  2:28  Refinery, Barracks Reactor  
  23  2:32  SCV  
  24  2:44  SCV  
  25  3:04  Command Center  
  25  3:05  Marine x2  
  27  3:06  Barracks  
  27  3:07  SCV  
  28  3:15  Orbital Command  
  28  3:19  SCV  
  29  3:24  Marine  
  29  3:25  Marine  
  31  3:29  Factory Tech Lab  
  31  3:38  SCV  
  32  3:42  SCV  
  32  3:45  Starport  
  33  3:49  Marine x2  
  33  3:50  SCV  
  33  3:53  Siege Tank  
  33  3:54  SCV  
  40  3:58  Barracks Tech Lab  
  40  4:01  Barracks  
  40  4:08  Supply Depot  
  40  4:09  SCV x2  
  42  4:10  Marine  
  42  4:15  Marine  
  45  4:20  Orbital Command  
  45  4:21  SCV x2  
  46  4:25  Starport Reactor  
  46  4:33  Siege Tank  
  47  4:50  Barracks Tech Lab  
  47  5:04  Medivac  
  45  5:19  Barracks Reactor  
  45  5:20  Stimpack, Marine x3  
  48  5:23  SCV x3  
  51  5:37  Refinery x2  
  51  5:44  Refinery  
  51  5:45  Marine x3  
  51  5:47  Refinery  
  51  5:48  Medivac  
  56  5:50  Hellion  
  56  5:52  Barracks  
  56  5:53  Barracks  
  58  5:58  SCV  
  58  5:59  SCV x2  
  58  6:01  Marine x2  
  58  6:03  Marine x3  
  66  6:10  SCV  
  66  6:11  SCV x2  
  69  6:30  Supply Depot  
  69  6:31  Supply Depot x2  
  69  6:33  Medivac, Marine x3  
  69  6:34  Siege Tank  
  77  6:42  Barracks Reactor  
  77  6:43  Barracks Reactor  
  77  6:47  Marine  
  77  6:48  SCV  
  77  6:49  SCV  
  77  6:52  Medivac, Marine, SCV  
  77  6:53  Marine  
  82  6:54  Marine x2  
  82  7:04  Marine  
  82  7:05  Command Center  
  82  7:07  Supply Depot  
  82  7:08  Supply Depot x2  
  77  7:20  Combat Shields  
  71  7:25  Marine x3  
  71  7:26  Marauder, Marine x5  
  71  7:28  Medivac x2, Siege Tank  
  88  7:34  SCV x3  
  91  7:43  Supply Depot, Marine x3  
  94  7:45  Liberator, Supply Depot  
  94  7:46  SCV x3  
  97  7:55  Factory  
  97  7:56  Marine  
  97  7:57  Marauder, Marine x2  
  97  7:58  Starport, Fusion Core, SCV x3  
  103  8:05  Medivac  
  110  8:10  SCV  
  111  8:13  SCV x2  
  113  8:22  Siege Tank, SCV  
  113  8:25  SCV x2  
  119  8:28  Liberator  
  119  8:32  Marauder, Marine x8  
  129  8:34  SCV  
  129  8:37  SCV x2  
  132  8:45  Medivac  
  132  8:46  SCV  
  138  8:50  Marine x6  
  138  8:55  Starport Tech Lab  
  144  9:02  Factory Tech Lab  
  144  9:15  Marine  
  144  9:16  Marine x8  
  153  9:28  Siege Tank  
  156  9:35  Marine x6  
  156  9:36  Marine x2, Siege Tank  
  141  9:50  Viking x3  
  120  10:00  Siege Tank  
  123  10:09  Liberator, Siege Tank  
  123  10:12  Advanced Ballistics  
  126  10:14  Marine  
  126  10:15  Marauder, Marine x7  
  126  10:20  Viking  
  138  10:26  Medivac  
  140  10:32  Marine x2  
  140  10:33  Marine x6  
  140  10:34  Orbital Command  
  148  10:36  Marine  
  149  10:45  Liberator, Siege Tank x2  
  155  10:50  Marine  
  155  10:52  Liberator  
  156  11:02  Medivac, Marine x8  
  169  11:05  Supply Depot  
  169  11:07  Supply Depot  
  169  11:08  Supply Depot, Marine  
  169  11:09  Supply Depot  
  173  11:17  Siege Tank x2  
  179  11:20  Marauder, Marine x2  
  183  11:28  Liberator  
  183  11:29  Marine x5  
  183  11:31  Orbital Command  
  183  11:32  Medivac  
  190  11:34  Refinery  
  190  11:37  Supply Depot, Refinery  
  190  11:38  Supply Depot  
  190  11:42  Marauder  
  195  11:52  Medivac  
  195  11:53  Marine x3  
  162  12:24  Marauder, Marine x7  
  162  12:25  Marine  
  167  12:42  Marine x5  
  172  12:54  Factory  
  172  12:55  Factory  
  172  12:56  Liberator x3  
  172  13:07  Command Center  
  172  13:09  Command Center  
  172  13:14  Marine x3  
  172  13:15  Marine x6  
  172  13:16  Siege Tank x2  
  196  13:32  Marine x4  
  192  14:14  Marine x7  
  192  14:15  Marine  
  192  14:17  Factory Reactor, Factory Tech Lab  
  145  15:08  Marine x9  
  145  15:10  Engineering Bay  
  145  15:11  Engineering Bay  
  145  15:13  Armory  
  154  15:20  Orbital Command x2  
  154  15:22  Armory x2  
  154  15:25  Marine  
  154  15:26  Marine x8  
  161  15:43  Marine  
  161  15:44  Marine  
  163  15:51  Marine  
  163  15:52  Marine x6  
  163  15:53  Medivac x2, Siege Tank x2  
  163  15:54  Medivac  
  182  16:01  Marine  
  182  16:02  Marine  
  184  16:06  Siege Tank  
  184  16:07  Hellion x2  
  184  16:09  Marine  
  184  16:10  Marine x5  
  186  16:19  Terran Infantry Armor Level 1, Terran Infantry Weapons Level 1  
  186  16:22  Terran Vehicle Weapons Level 1  
  186  16:23  Terran Vehicle And Ship Armor Level 1, Medivac  
  186  16:25  Siege Tank  
  191  16:39  Liberator  
  191  16:41  Marine  
  191  16:42  Marauder  
  194  16:51  Marine x3  
  194  16:52  Barracks Tech Lab, Concussive Shells  
  197  17:00  Barracks Tech Lab  
  200  17:15  Orbital Command  
  157  17:55  Siege Tank x3  
  157  17:56  Marine  
  157  17:57  Marine x6  
  162  18:15  Marauder x3  
Tags
 
Add a new tag
Caveats
  • Supply blocks, unpowered buildings, or Contaminate may cause inaccurate times.
  • Supply counts are checked every 10 seconds.